 Dungeon Crawl Stone Soup version 0.31-a0-204-g7da18cac08 (webtiles) character file.

Game seed: 2085050002879388146

5332 lunkers the Cleaver (level 11, 0/91 HPs)
             Began as a Meteoran Wanderer on June 27, 2023.
             Was a Priest of Okawaru.
             Slain by a killer bee (6 damage)
             ... on level 9 of the Dungeon.
             The game lasted 00:13:44 (4307 turns).

lunkers the Cleaver (Meteoran Wanderer)             Turns: 4307, Time: 00:13:45

Health: 0/91       AC: 15    Str: 18    XL:     11   Next: 16%
Magic:  14/16      EV: 14    Int: 15    God:    Okawaru [***...]
Gold:   398        SH:  5    Dex: 13    Spells: 14/15 levels left

rFire   + . .        a - +1 battleaxe
rCold   . . .        (shield currently unavailable)
rNeg    . . .        r - +0 scale mail {rF+}
rPois   .            t - +2 helmet
rElec   .            (no cloak)
rCorr   .            y - +0 pair of gloves
SInv    .            j - +0 pair of boots
Will    +....        e - amulet of reflection
Stlth   +            (no ring)
HPRegen 0.35/turn    (no ring)
MPRegen 0.15/turn

%: reflection
@: heroic, glowing
A: sense surroundings 2, otherworldly, glowing, explore regen
a: Renounce Religion, Heroism


You were on level 9 of the Dungeon.
You worshipped Okawaru.
Okawaru was most pleased with you.
You visited 2 branches of the dungeon, and saw 10 of its levels.
You also visited: Sewer.

You collected 398 gold pieces.

Inventory:

Hand Weapons
 a - a +1 battleaxe (weapon)
 v - a +3 hand axe
Armour
 j - a +0 pair of boots (worn)
 r - a +0 scale mail of fire resistance (worn)
 t - a +2 helmet (worn)
 x - a +0 pair of boots
 y - a +0 pair of gloves (worn)
Jewellery
 e - an amulet of reflection (around neck)
Wands
 q - a wand of flame (19)
 A - a wand of quicksilver (6)
Scrolls
 b - a scroll of fear
 i - 2 scrolls of blinking
 n - 2 scrolls of teleportation
 w - a scroll of revelation
 z - a scroll of noise {unknown}
Potions
 c - 2 potions of curing
 d - a potion of heal wounds {unknown}
 f - 2 potions of magic {unknown}
 g - a potion of lignification {unknown}
 h - 2 potions of cancellation {unknown}
 k - 3 potions of haste {unknown}
 l - 4 potions of might
 m - a potion of attraction {unknown}
 o - 2 potions of degeneration {unknown}
 p - 4 potions of brilliance
 s - 2 potions of invisibility {unknown}
 u - 2 potions of resistance {unknown}


   Skills:
 + Level 6.5(11.5) Fighting
 * Level 13.6(18.6) Axes
 + Level 7.2(12.2) Armour
 + Level 7.0(12.0) Dodging
 - Level 2.6 Spellcasting
 - Level 3.6 Transmutations
 - Level 4.0 Invocations


You had 14 spell levels left.
You knew the following spells:

 Your Spells              Type           Power      Damage    Failure   Level
p - Beastly Appendage     Tmut           24%        N/A       12%         1

Your spell library contained the following spells:

 Spells                   Type           Power      Damage    Failure   Level
 Static Discharge         Conj/Air       4%         2-3/arc   58%         2
 Spider Form              Tmut/Pois      7%         N/A       58%         3
 Dazzling Flash           Conj/Hex       4%         N/A       83%         3
 Volatile Blastmotes      Fire/Tloc      4%         2d10      83%         3
 Airstrike                Air            1%         2d(1-17)  99%         4
 Iskenderun's Mystic Bla  Conj/Tloc      2%         2d3       99%         4
 Starburst                Conj/Fire      1%         6d3       100%        6
 Summon Lightning Spire   Summ/Air       Unusable   N/A       N/A         4

Dungeon Overview and Level Annotations

Branches:
Dungeon (9/15) Zot: 1593   Temple (1/1) D:5 Zot: 379   Sewer (visited)
   Lair: D:8-11         Orc: D:9-12

Altars:
Ashenzari
Cheibriados
Dithmenos
Elyvilon
Hepliaklqana
Kikubaaqudgha
Makhleb
Nemelex Xobeh
Okawaru
Ru
Sif Muna
Trog
Uskayaw
Xom
Yredelemnul
Zin
The Shining One


Innate Abilities, Weirdness & Mutations

You passively map the area around you.
You are easily found by Zot.
You glow in the dark.
You regain HP and MP as you explore.


Message History

The killer bee stings you.
* * * LOW HITPOINT WARNING * * *
You are more poisoned.
The killer bee poisons you! The killer bee stings you.
* * * LOW HITPOINT WARNING * * *
You are lethally poisoned!
The killer bee poisons you!
You miss the killer bee.
The killer bee is almost dead.
* * * LOW HITPOINT WARNING * * *
You feel very sick. The killer bee stings you.
* * * LOW HITPOINT WARNING * * *
The killer bee barely misses you.
You miss the killer bee.
The killer bee is almost dead.
* * * LOW HITPOINT WARNING * * *
You feel very sick. The killer bee closely misses you.
You block the killer bee's attack.
You gain the combat prowess of a mighty hero.
* * * LOW HITPOINT WARNING * * *
You feel very sick.
The killer bee stings you but does no damage.
The killer bee stings you.
* * * LOW HITPOINT WARNING * * *
You feel better.
The killer bee stings you but does no damage.
The killer bee barely misses you.
You closely miss the killer bee.
The killer bee is almost dead.
The killer bee stings you but does no damage.
The killer bee stings you.
* * * LOW HITPOINT WARNING * * *
You barely miss the killer bee.
The killer bee is almost dead.
The killer bee stings you but does no damage.
You closely miss the killer bee.
The killer bee is almost dead.
The killer bee completely misses you. The killer bee stings you.
You die...

, , ** * * , ,, ,
..... , * * **
#...# * * * #...#
#...# #...#
#######...# *
........†.##### *
* ,
,.......@†......,,
, ,
.......†y...... ,
,, .............##
* ,,
.............# ,,
.............#* *
, ...............
, ...............
, *######..#######
, , , ,


You could see a killer bee.

Vanquished Creatures
  Pikel (D:6)
  Joseph (D:7)
  Grinder (Sewer)
  2 steam dragons
  5 yaks (D:8)
  2 vampire mosquitoes (D:7)
  2 water moccasins
  2 orc warriors (D:8)
  2 black bears
  An ogre (D:6)
  2 lemures (D:6)
  Blork the orc (D:6)
  A kobold brigand (D:8)
  2 bullfrogs
  A necrophage (Sewer)
  3 scorpions
  11 wights
  12 killer bees (D:9)
  A howler monkey (D:7)
  3 orc priests
  7 hounds
  A gnoll bouda (D:5)
  2 iguanas
  4 orc wizards
  Robin (D:2)
  6 adders
  5 gnolls (D:5)
  6 river rats (D:5)
  3 shadow imps (Sewer)
  2 white imps
  4 ufetubi
  2 adder zombies (Sewer)
  4 worms
  2 dart slugs
  17 orcs
  6 ball pythons
  7 bats
  A bat zombie (Sewer)
  9 endoplasms
  8 giant cockroaches
  12 goblins
  6 hobgoblins
  25 kobolds
  3 quokkas
  A frilled lizard (D:2)
  3 kobold zombies (Sewer)
  4 rats
207 creatures vanquished.

Vanquished Creatures (others)
  A kobold (Sewer)
1 creature vanquished.

Grand Total: 208 creatures vanquished

Notes
Turn   | Place    | Note
-------+----------+-------------------------------------------
     0 | D:1      | lunkers the Meteoran Wanderer began the quest for the Orb.
     0 | D:1      | lunkers set off with the following items: a +3 hand axe, a
                  | scroll of fear, a +0 leather armour; and the following
                  | spell memorised: Beastly Appendage; and the following
                  | spells available to memorise: Spider Form.
     0 | D:1      | Reached XP level 1. HP: 16/16 MP: 5/5
    40 | D:1      | Found a faded altar of an unknown god.
   149 | D:1      | Reached skill level 4 in Axes
   149 | D:1      | Reached XP level 2. HP: 20/23 MP: 6/6
   270 | D:1      | Reached XP level 3. HP: 28/28 MP: 8/8
   366 | D:2      | Reached skill level 5 in Axes
   405 | D:2      | Identified the +4 rapier of the Doomed Warrior {freeze,
                  | *Rage rElec Will+ SInv}
   476 | D:2      | Noticed Robin
   488 | D:2      | Reached XP level 4. HP: 24/35 MP: 9/9
   496 | D:2      | Killed Robin
   805 | D:2      | Reached skill level 6 in Axes
  1064 | D:3      | Reached XP level 5. HP: 38/40 MP: 10/10
  1435 | D:4      | Reached skill level 7 in Axes
  1435 | D:4      | Reached XP level 6. HP: 6/47 MP: 11/11
  1996 | D:5      | Entered Level 5 of the Dungeon
  2061 | D:5      | Reached skill level 8 in Axes
  2077 | D:5      | Found a staircase to the Ecumenical Temple.
  2088 | D:5      | Reached XP level 7. HP: 35/52 MP: 12/12
  2112 | Temple   | Entered the Ecumenical Temple
  2304 | Temple   | Became a worshipper of Warmaster Okawaru
  2355 | D:5      | Reached skill level 9 in Axes
  2512 | D:5      | Reached skill level 10 in Axes
  2512 | D:5      | Reached XP level 8. HP: 53/59 MP: 13/13
  2541 | D:5      | Found a glowing drain.
  2548 | Sewer    | Entered a sewer
  2607 | Sewer    | Reached skill level 1 in Invocations
  2673 | Sewer    | Found an ancient bone altar of Kikubaaqudgha.
  2694 | Sewer    | Reached * piety under Okawaru
  2695 | Sewer    | Reached skill level 1 in Dodging
  2735 | Sewer    | Noticed Grinder
  2753 | Sewer    | Paralysed by Grinder for 4 turns
  2768 | Sewer    | Killed Grinder
  2791 | Sewer    | Identified the +2 ring mail of the Invisible Hand {rElec
                  | rN+}
  3023 | D:6      | Noticed a steam dragon
  3035 | D:6      | Killed a steam dragon
  3036 | D:6      | Gained mutation: You passively map the area around you.
                  | [Meteoran growth]
  3036 | D:6      | Reached XP level 9. HP: 61/68 MP: 14/14
  3220 | D:6      | Noticed Pikel
  3230 | D:6      | Killed Pikel
  3230 | D:6      | Reached ** piety under Okawaru
  3231 | D:6      | Reached skill level 11 in Axes
  3308 | D:6      | Noticed Blork the orc
  3317 | D:6      | Killed Blork the orc
  3318 | D:6      | Reached skill level 5 in Armour
  3319 | D:6      | Reached XP level 10. HP: 49/80 MP: 12/15
  3408 | D:7      | Reached skill level 5 in Dodging
  3409 | D:7      | Reached skill level 12 in Axes
  3414 | D:7      | Reached skill level 5 in Fighting
  3484 | D:7      | Noticed Joseph
  3494 | D:7      | Killed Joseph
  3559 | D:7      | Reached *** piety under Okawaru
  3810 | D:8      | Reached skill level 13 in Axes
  3817 | D:8      | Reached XP level 11. HP: 86/89 MP: 16/16
  4303 | D:9      | HP: 1/91 [killer bee (5)]
  4307 | D:9      | Slain by a killer bee

Illustrated notes

Levels and vault maps discovered:
D:1:      matt_arrival_grand_opening, layout_basic,
          hellmonk_ecumenical_altar_zigzags
D:2:      wander_river, layout_loops_cross, uniq_crazy_yiuf_cottage, uniq_robin
D:3:      layout_rooms
D:4:      layout_basic
D:5:      layout_rooms, minmay_temple_entry_mini_moons,
          lightli_sewer_entry_pipes
D:6:      layout_rooms, uniq_pikel, uniq_blork_the_orc
D:7:      layout_cave_pools, minmay_misc_feat_more_columns, st_stairs_13,
          uniq_joseph
D:8:      layout_basic, nicolae_overflow_hallway_of_the_gods
D:9:      minmay_four_partial_circles, layout_long_grid, enter_bailey_2,
          uniq_maggie
Temple:   bh_familiar_temple

Skill      XL: |  1  2  3  4  5  6  7  8  9 10 11 |
---------------+----------------------------------+-----
Axes           | 4 5 6 7 8 10 11 13 | 13.6
Invocations    | 4 |  4.0
Dodging        | 2 4 6 7 |  7.0
Armour         | 3 5 6 7 |  7.2
Fighting       | 2 4 6 |  6.5
Spellcasting   | |  2.6
Transmutations | |  3.6

Action                     |  1- 3 |  4- 6 |  7- 9 | 10-12 || total
---------------------------+-------+-------+-------+-------++-------
  Melee: Hand axe          |    56 |   148 |   266 |       ||   470
         Punch             |       |     2 |     3 |       ||     5
         Battleaxe         |       |       |    36 |   157 ||   193
   Cast: Beastly Appendage |     1 |       |       |       ||     1
 Invoke: Heroism           |       |       |     6 |     5 ||    11
    Use: Scroll            |     2 |       |     5 |       ||     7
         Potion            |       |     2 |       |     1 ||     3
 Armour: Leather armour    |    16 |     7 |       |       ||    23
         Ring mail         |       |    34 |       |       ||    34
         Scale mail        |       |    17 |   123 |    74 ||   214
  Dodge: Dodged            |    10 |    57 |   105 |   118 ||   290
  Block: Other             |    15 |    42 |    63 |    43 ||   163
         Reflection        |       |     1 |     3 |     1 ||     5

Table legend: (Time is in decaauts)
 A = Elapsed time spent in this place.
 B = Non-inter-level travel time spent in this place.
 C = Inter-level travel time spent in this place.
 D = Time resting spent in this place.
 E = Time spent auto-exploring this place.
 F = Levels seen in this place.
 G = Mean time per level.
                   A        B        C        D        E       F      G
               +--------+--------+--------+--------+--------+-----+--------+
         Total |   4298 |   4014 |    284 |      0 |   2684 |  11 |  390.7 |
       Dungeon |   3806 |   3560 |    246 |      0 |   2417 |   9 |  422.9 |
        Temple |    220 |    182 |     38 |      0 |    171 |   1 |  220.0 |
         Sewer |    271 |    271 |      0 |      0 |     95 |   1 |  271.0 |
               +--------+--------+--------+--------+--------+-----+--------+

Top non-repeatable levels by time:
     D:2: 720 daAuts
     D:4: 582 daAuts
     D:8: 565 daAuts
     D:5: 510 daAuts
     D:3: 395 daAuts
     D:6: 371 daAuts
     D:1: 324 daAuts
     D:7: 310 daAuts
   Sewer: 271 daAuts
  Temple: 220 daAuts
     D:9: 25 daAuts
